AoeStats
← elitedurasteel

Arabia

510411292Analyzed
2v2 RM · 1d ago on Sep 30, 2026· 49m 2s· 4 players
Game mode
Random Map
Map size
Medium (4 player)
Population
200
Speed
Normal
Resources
Standard
Victory
Conquest
Starting age
Dark Age
Ending age
Imperial Age
RankedLock teamsTeams togetherTeam positionsShared explorationLock speedFull tech treeHidden civsTurbo modeCheats
Victory
Defeat
🇫🇷 Inca · France
1239
+13
🇫🇷 Byzantines · France
1238
+13
🇬🇧 Mongols · United Kingdom
1264
-16
🇪🇸 Magyars · Spain
1087
-10
elitedurasteel
6:23 Loom
8:46 Feudal Age
9:26 Double-Bit Axe
9:33 Man-at-Arms
13:01 Arson
19:12 Forging
23:00 Castle Age
21:29 Fletching
22:04 Horse Collar
24:34 Bow Saw
24:24 Heavy Plow
25:21 Wheelbarrow
26:05 Bodkin Arrow
27:00 Ballistics
28:38 Gold Mining
29:47 Guard Tower
30:09 Husbandry
30:19 Bloodlines
30:42 Hand Cart
30:44 Padded Archer Armor
32:49 Leather Archer Armor
37:26 Imperial Age
37:26 Gold Shaft Mining
37:44 Scale Barding Armor
37:21 Light Cavalry
38:50 Chain Barding Armor
39:27 Conscription
39:36 Bracer
40:01 Hussar
41:52 Elite Mangudai
44:01 Drill
46:08 Chemistry
45:44 Heavy Scorpion
49:42 Iron Casting
Pr8feSS8r
6:48 Loom
11:50 Feudal Age
16:58 Castle Age
23:38 Wheelbarrow
25:37 Double-Bit Axe
30:17 Bloodlines
30:29 Bow Saw
30:20 Gold Mining
30:31 Fletching
31:04 Elite Skirmisher
32:27 Hand Cart
32:18 Padded Archer Armor
33:03 Gold Shaft Mining
37:35 Horse Collar
38:37 Bodkin Arrow
39:36 Thumb Ring
cobmouth
7:58 Loom
10:19 Feudal Age
12:26 Double-Bit Axe
16:49 Fletching
17:30 Horse Collar
18:11 Padded Archer Armor
23:32 Castle Age
23:49 Crossbowman
24:42 Husbandry
25:14 Bodkin Arrow
26:13 Wheelbarrow
26:20 Gold Mining
26:44 Scale Barding Armor
27:58 Bow Saw
30:45 Heavy Plow
31:04 Leather Archer Armor
31:36 Fervor
33:48 Ballistics
35:07 Chain Barding Armor
34:50 Light Cavalry
36:23 Sanctity
36:05 Elite Skirmisher
40:57 Imperial Age
38:43 Hand Cart
39:17 Forging
41:41 Bracer
41:23 Heavy Camel Rider
43:13 Ring Archer Armor
44:11 Chemistry
44:47 Plate Barding Armor
Yagatan
7:44 Loom
9:59 Feudal Age
11:47 Double-Bit Axe
13:36 Horse Collar
14:55 Wheelbarrow
16:02 Fletching
18:22 Padded Archer Armor
23:28 Castle Age
21:54 Gold Mining
23:29 Crossbowman
24:07 Bodkin Arrow
23:55 Pikeman
25:03 Leather Archer Armor
26:20 Bow Saw
27:55 Wheelbarrow
29:25 Squires
29:32 Thumb Ring
29:37 Scale Mail Armor
29:57 Champi Runner
30:45 Champi Warrior
32:15 Heavy Plow
35:50 Chain Mail Armor
38:56 Hand Cart
40:13 Gold Shaft Mining
40:28 Ballistics
42:35 Forging
45:28 Imperial Age
44:19 Iron Casting
46:09 Arbalester
46:09 Elite Champi Warrior
47:21 Ring Archer Armor
47:53 Blast Furnace
48:25 Plate Mail Armor
49:25 Fabric Shields
Connection lost

Rejoining the realm…

Still unreachable

The connection could not be restored.

Session expired

The server has moved on; the page needs a fresh start.